 Dungeon Crawl Stone Soup version 0.32-a0-791-gfc315c9ecd (webtiles) character file.

Game seed: 1673600802571689873

192 jasper the Chopper (level 5, -4/45 HPs)
             Began as a Mountain Dwarf Monk on Mar 20, 2024.
             Killed from afar by a steam dragon (13 damage)
             ... with a ball of steam
             ... on level 3 of the Dungeon.
             The game lasted 00:03:52 (2062 turns).

jasper the Chopper (Mountain Dwarf Monk)            Turns: 2062, Time: 00:03:52

Health: -4/45      AC:  6    Str: 15    XL:     5   Next: 42%
Magic:  5/5        EV:  8    Int: 11    God:
Gold:   72         SH:  0    Dex: 12    Spells: 4/4 levels left

rFire   . . .        a - +0 hand axe (venom)
rCold   . . .        (no shield)
rNeg    . . .        f - +0 scale mail
rPois   .            (no helmet)
rElec   .            (no cloak)
rCorr   .            (no gloves)
SInv    .            (no boots)
Will    .....        e - amulet of regeneration Stlth
                     (no ring)
HPRegen 1.07/turn    (no ring)
MPRegen 0.09/turn

%: no passive effects
@: no status effects
A: runic magic, artefact enchanting
a: no special abilities


You were on level 3 of the Dungeon.
You visited 1 branch of the dungeon, and saw 3 of its levels.

You collected 72 gold pieces.

Inventory:

Hand Weapons
 a - a +0 hand axe of venom (weapon)
Missiles
 h - 26 stones (quivered)
Armour
 b - a +0 robe
 d - an orb of light
 f - a +0 scale mail (worn)
Jewellery
 e - an amulet of regeneration (around neck)
 g - an amulet of magic regeneration
Scrolls
 o - 3 scrolls of teleportation
Potions
 c - a potion of ambrosia
 j - a potion of brilliance
 l - a potion of lignification {unknown}
 m - a potion of enlightenment {unknown}


   Skills:
 - Level 3.2 Fighting
 + Level 7.5 Axes
 - Level 2.1 Dodging


You had 4 spell levels left.
You didn't know any spells.
Your spell library contained the following spells:

 Spells                   Type           Power      Damage    Failure   Level
 Freeze                   Ice            0%         1d3       45%         1
 Kiss of Death            Conj/Necr      0%         2d5       45%         1
 Summon Small Mammal      Summ           0%         N/A       45%         1
 Call Canine Familiar     Summ           0%         N/A       83%         3
 Confusing Touch          Hex            0%         N/A       83%         3
 Dazzling Flash           Conj/Hex       0%         N/A       83%         3
 Frozen Ramparts          Ice            0%         1d1       83%         3
 Hailstorm                Conj/Ice       0%         3d5       83%         3
 Mephitic Cloud           Conj/Alch/Air  0%         N/A       83%         3
 Dispel Undead            Necr           0%         3d6       99%         4
 Summon Blazeheart Golem  Fire/Summ      0%         N/A       99%         4
 Curse of Agony           Necr           0%         N/A       100%        5
 Silence                  Hex/Air        0%         N/A       100%        5


Dungeon Overview and Level Annotations

Branches:
Dungeon (3/15)

Altars:


Innate Abilities, Weirdness & Mutations

Your spellcasting is much less encumbered by armour.
You can use scrolls of enchantment on lesser artefacts.


Message History

The steam dragon is moderately wounded.
The steam dragon barely misses you. The steam dragon closely misses you.
You hit the steam dragon.
The steam dragon is heavily wounded.
The steam dragon bites you but does no damage.
The steam dragon claws you but does no damage.
You barely miss the steam dragon.
The steam dragon is heavily wounded.
The steam dragon breathes steam at you. The ball of steam hits you!!
You take 17 damage, and have 18/45 hp.
MASSIVE DAMAGE!!
You hit the steam dragon.
The steam dragon is severely wounded.
You are engulfed in a cloud of scalding steam.
The steam dragon bites you but does no damage.
The steam dragon claws you but does no damage.
You take 1 damage, and have 17/45 hp.
You hit the steam dragon but do no damage.
The steam dragon looks as sick as possible!
The steam dragon is severely wounded.
You are engulfed in a cloud of scalding steam.
* * * LOW HITPOINT WARNING * * *
The steam dragon bites you.
* * * LOW HITPOINT WARNING * * *
The steam dragon claws you but does no damage.
You take 14 damage, and have 3/45 hp.
MASSIVE DAMAGE!!
You feel better.
You are engulfed in a cloud of scalding steam.
* * * LOW HITPOINT WARNING * * *
The steam dragon bites you.
* * * LOW HITPOINT WARNING * * *
The steam dragon claws you.
* * * LOW HITPOINT WARNING * * *
You take 1 damage, and have 2/45 hp.
You feel better.
You are engulfed in a cloud of scalding steam.
* * * LOW HITPOINT WARNING * * *
The steam dragon breathes steam at you. The ball of steam hits you!
You die...

#.#..#####.#.## .# #.#
### #.#..### ##### ###
#......# ###..### #..#
#..# #..# #..#
################# #..#
#.§...§.@D......#
#..#####.######.######
#......#.# .#
#.####.#.# .#
#........# .#
######.### .# #.# .#
#.# .# #.#


You could see a steam dragon (extremely poisoned, catching breath).

Vanquished Creatures
  A bombardier beetle (D:3)
  Terence (D:2)
  5 adders
  2 dart slugs
  A ribbon worm (D:2)
  7 ball pythons
  10 endoplasms
  2 giant cockroaches
  10 hobgoblins
  14 jackals
  2 kobolds (D:1)
  2 quokkas (D:1)
  5 bats
  5 frilled lizards
  2 goblins
  4 rats
73 creatures vanquished.

Notes
Turn   | Place    | Note
-------+----------+-------------------------------------------
     0 | D:1      | jasper the Mountain Dwarf Monk began the quest for the Orb.
     0 | D:1      | Reached XP level 1. HP: 19/19 MP: 1/1
   109 | D:1      | Reached skill level 4 in Axes
   114 | D:1      | Reached XP level 2. HP: 22/26 MP: 2/2
   447 | D:1      | Reached skill level 5 in Axes
   514 | D:1      | Reached XP level 3. HP: 24/31 MP: 3/3
   994 | D:1      | Identified a scroll of acquirement
   994 | D:1      | Acquired an amulet of regeneration
  1284 | D:2      | Reached skill level 6 in Axes
  1284 | D:2      | Reached XP level 4. HP: 38/38 MP: 4/4
  1454 | D:2      | Noticed Terence
  1468 | D:2      | Killed Terence
  1667 | D:2      | You fall into a shaft and drop 1 floor!
  1686 | D:2      | Reached XP level 5. HP: 45/45 MP: 5/5
  1828 | D:3      | Reached skill level 7 in Axes
  2040 | D:3      | Noticed a steam dragon
  2061 | D:3      | HP: 2/45 [steam dragon (5)]
  2062 | D:3      | Killed from afar by a steam dragon

Illustrated notes

Levels and vault maps discovered:
D:1:      amcnicky_arrival_wind_blow, layout_basic, minmay_statues_item
D:2:      layout_loops_ring, uniq_terence
D:3:      layout_loops_ring, okawaru_gym_becter, lemuel_coloured_pillars_altar,
          cheibrodos_gnoll_hut

Skill      XL: |  1  2  3  4  5 |
---------------+----------------+-----
Axes           | 4 5 6 7 |  7.5
Fighting       | |  3.2
Dodging        | |  2.1

Action                     |  1- 3 |  4- 6 || total
---------------------------+-------+-------++-------
  Melee: Hand axe          |   153 |    79 ||   232
    Use: Scroll            |     4 |     3 ||     7
         Potion            |       |     3 ||     3
 Armour: Scale mail        |   107 |    69 ||   176
         Robe              |     1 |       ||     1
  Dodge: Dodged            |   100 |    28 ||   128

Table legend: (Time is in decaauts)
 A = Elapsed time spent in this place.
 B = Non-inter-level travel time spent in this place.
 C = Inter-level travel time spent in this place.
 D = Time resting spent in this place.
 E = Time spent auto-exploring this place.
 F = Levels seen in this place.
 G = Mean time per level.
                   A        B        C        D        E       F      G
               +--------+--------+--------+--------+--------+-----+--------+
         Total |   2065 |   1992 |     73 |     35 |   1371 |   3 |  688.3 |
       Dungeon |   2065 |   1992 |     73 |     35 |   1371 |   3 |  688.3 |
               +--------+--------+--------+--------+--------+-----+--------+

Top non-repeatable levels by time:
     D:1: 1043 daAuts
     D:2: 766 daAuts
     D:3: 254 daAuts
